Description

Build Notes and analysis: http://www.teamliquid.net/forum/sc2-strategy/512411-zvz-lingbane-into-roach-play

This one focuses on getting towards that roach tech and all the details involved in that, check the video for more details on how to execute the roach timing.

VOD

https://www.youtube.com/watch?v=zyYBrd0qrEU

Replay - Stage 2 of Aggressive ZvZ

Build Order

Get SALT Encoding   

  12  0:02  Drone  
  13  0:12  Overlord  
  13  0:17  Drone  
  14  0:31  Drone x3  
  17  0:52  Hatchery  
  17  0:55  Drone x2  
  18  1:07  Drone  
  18  1:09  Extractor  
  18  1:17  Spawning Pool  
  17  1:20  Drone  
  18  1:28  Drone  
  19  1:38  Overlord  
  20  2:04  Queen x2  
  20  2:05  Zergling x4  
  26  2:09  Metabolic Boost  
  30  2:39  Hatchery  
  29  2:44  Baneling Nest  
  30  2:56  Zergling x2  
  31  3:03  Zergling x2  
  30  3:06  Overlord x2  
  31  3:21  Overlord  
  31  3:29  Zergling x12  
  31  3:31  Baneling  
  42  3:50  Baneling x2  
  41  3:59  Queen  
  47  4:06  Baneling x4  
  45  4:29  Baneling x3  
  53  5:50  Queen  
  53  5:54  Roach Warren  
  53  5:55  Extractor  
  52  6:39  Roach x5  
Spawning Tool Build Advisor. Get it on Overwolf

Go to:

Details

  • Created by: PiG      
  • Published on: Jun 04, 2017
  • Modified on: Jun 04, 2017
  • Patch: 3.8.0
Show
View Real Time Build Order
Export as new Build Order

Comments (2)

On Aug. 14, 2017, 10:52 p.m., shengy  said:

Thanks man :)

On Aug. 14, 2017, 10:52 p.m., shengy  said:

Thanks man :)

Create an account to comment!